 Dungeon Crawl Stone Soup version 0.30-a0-341-g682706514a (webtiles) character file.

Game seed: 4602565958360673596

3193 themarg the Destroyer (level 9, -1/111 HPs)
             Began as a Black Draconian Conjurer on Nov 4, 2022.
             Was a Follower of Sif Muna.
             Slain by a killer bee (6 damage)
             ... on level 7 of the Dungeon.
             The game lasted 00:31:21 (9565 turns).

themarg the Destroyer (Black Draconian Conjurer)    Turns: 9565, Time: 00:31:21

Health: -1/111     AC: 24    Str: 10    XL:     9   Next: 64%
Magic:  3/16       EV:  2    Int: 22    God:    Sif Muna [*.....]
Gold:   402        SH:  0    Dex: 16    Spells: 7/18 levels left

rFire   . . .      SeeInvis .    G - +3 hand axe
rCold   . . .      Faith    .    (no shield)
rNeg    . . .      Spirit   .    (body armour unavailable)
rPois   +          Reflect  .    (helmet currently unavailable)
rElec   .          Harm     .    (cloak currently unavailable)
rCorr   +          Rampage  .    (gloves currently unavailable)
Will    .....      NoTele   +    (boots currently unavailable)
Stlth   ++........               d - amulet of regeneration
HPRegen 1.18/turn                o - +6 ring of dexterity
MPRegen 0.15/turn                E - ring of resist corrosion

@: tree-form
A: stationary, stasis, torment immunity, boosted hp, (breathe lightning), AC +7,
unfitting armour, (electricity resistance), (cold-blooded)
a: Renounce Religion, Channel Magic


You were on level 7 of the Dungeon.
You worshipped Sif Muna.
Sif Muna was aware of your devotion.
You were a tree.
You visited 2 branches of the dungeon, and saw 8 of its levels.
You also visited: Sewer.

You collected 402 gold pieces.

Inventory:

Hand Weapons
 G - a +3 hand axe (weapon)
Missiles
 g - 51 stones
 p - 9 poisoned darts
 s - 6 curare-tipped darts
 A - 5 boomerangs
Armour
 u - a +1 pair of gloves
Jewellery
 d - an amulet of regeneration (around neck)
 e - a +4 ring of protection
 i - a +4 ring of protection
 n - a ring of fire
 o - a +6 ring of dexterity (left branch)
 E - a ring of resist corrosion (right branch)
Wands
 v - a wand of digging (6)
 y - a wand of flame (14)
 D - a wand of light (10)
Scrolls
 a - a scroll of brand weapon {unknown}
 b - a scroll of amnesia {unknown}
 c - a scroll of fear {unknown}
 f - 4 scrolls of teleportation
 m - a scroll of torment {unknown}
 q - 2 scrolls of magic mapping {unknown}
 t - a scroll of immolation {unknown}
 w - 2 scrolls of fog {unknown}
 B - 2 scrolls of vulnerability
 C - 2 scrolls of noise {unknown}
 H - a scroll of enchant weapon {unknown}
Potions
 h - a potion of lignification
 j - 2 potions of degeneration {unknown}
 k - a potion of attraction {unknown}
 l - 4 potions of curing
 r - 5 potions of might
 x - 2 potions of invisibility {unknown}
 z - a potion of berserk rage {unknown}
 F - a potion of flight {unknown}


   Skills:
 - Level 5.0 Fighting
 - Level 0.2 Short Blades
 - Level 5.0 Dodging
 - Level 3.0 Stealth
 - Level 5.0 Spellcasting
 + Level 10.1 Conjurations
 + Level 2.4 Hexes
 + Level 2.5 Translocations
 + Level 1.4 Invocations


You had 7 spell levels left.
You knew the following spells:

 Your Spells              Type           Power      Damage    Failure   Level
a - Magic Dart            Conj           100%       1d8       1%          1
b - Searing Ray           Conj           100%       2d8       1%          2
c - Fulminant Prism       Conj/Hex       16%        3d10      8%          4
d - Iskenderun's Mystic   Conj/Tloc      33%        2d8       8%          4

Your spell library contained the following spells:

 Spells                   Type           Power      Damage    Failure   Level
 Dazzling Flash           Conj/Hex       66%        N/A       2%          3
 Hailstorm                Conj/Ice       27%        3d7       3%          3
 Necrotise                Necr           20%        1d5       10%         1
 Summon Small Mammal      Summ           20%        N/A       10%         1
 Summon Guardian Golem    Hex/Summ       10%        N/A       19%         3
 Kindle Blastsparks       Fire/Tloc/Air  18%        2d11      22%         3
 Call Canine Familiar     Summ           5%         N/A       30%         3
 Ignite Poison            Fire/Tmut/Pois 5%         N/A       30%         3
 Vampiric Draining        Necr           5%         2d6       30%         3
 Passage of Golubria      Tloc           16%        N/A       34%         4
 Freezing Cloud           Conj/Ice/Air   10%        6-21      56%         5
 Ice Form                 Ice/Tmut       5%         N/A       69%         4
 Silence                  Hex/Air        5%         N/A       86%         5
 Iron Shot                Conj/Erth      13%        9d3       89%         6
 Starburst                Conj/Fire      13%        6d6       89%         6
 Agony                    Necr           5%         N/A       95%         5
 Blade Hands              Tmut           2%         N/A       95%         5
 Simulacrum               Ice/Necr       2%         N/A       100%        6
 Lehudib's Crystal Spear  Conj/Erth      13%        10d5      100%        8
 Animate Armour           Summ/Erth      Unusable   N/A       N/A         4

Dungeon Overview and Level Annotations

Branches:
Dungeon (7/15)             Temple (1/1) D:4           Sewer (visited)

Altars:
Cheibriados
Dithmenos
Elyvilon
Fedhas
Gozag
Hepliaklqana
Makhleb
Nemelex Xobeh
Okawaru
Qazlal
Ru
Sif Muna
Trog
Uskayaw
Vehumet
Wu Jian
Xom
Yredelemnul
Zin
The Shining One

Annotations:
D:3 Sigmund
D:4 3 runed translucent doors, NinjaNoafa's ghost, amateur MfGl


Innate Abilities, Weirdness & Mutations

You are a tree.
Your roots penetrate the ground, keeping you stationary.
You cannot be teleported.
You are immune to unholy pain and torment.
Your maximum health is greatly increased.
Your equipment is partially melded.
((You can breathe wild blasts of lightning.))
((Your glossy black scales are hard. (AC +7)))
You cannot fit into any form of body armour.
((You are resistant to electric shocks. (rElec)))
((You are cold-blooded and may be slowed by cold attacks.))


Message History

The killer bee stings you but does no damage.
The killer bee stings you.
* * * LOW HITPOINT WARNING * * *
An ice beast comes into view.
You feel better.
The killer bee stings you but does no damage. x4
The killer bee stings you.
* * * LOW HITPOINT WARNING * * *
The killer bee stings you but does no damage.
You miss the killer bee.
The killer bee is severely wounded.
The bullfrog croaks.
You hit the killer bee but do no damage.
You hit the killer bee.
The killer bee stings you but does no damage. x6
The killer bee stings you.
* * * LOW HITPOINT WARNING * * *
The killer bee stings you but does no damage. x2
You hit the killer bee.
The killer bee is almost dead.
You miss the killer bee. You hit the killer bee.
The killer bee stings you but does no damage.
The killer bee stings you.
* * * LOW HITPOINT WARNING * * *
The killer bee stings you but does no damage.
The shadow imp laughs crazily.
The killer bee stings you but does no damage. x3
The bullfrog hits you but does no damage.
The killer bee stings you.
* * * LOW HITPOINT WARNING * * *
The killer bee stings you but does no damage. x2
You hit the killer bee but do no damage.
The killer bee is almost dead.
You hit the killer bee. You barely miss the bullfrog.
You hit the killer bee but do no damage.
The killer bee stings you but does no damage. x3
The bullfrog hits you but does no damage.
The killer bee stings you but does no damage. x2
The killer bee stings you.
You die...

...#.#...#......## .
........#....######.#
#...##......#.....#
..#.....##........
..#...†#....###...
#...##...##.####
#...#...#......#
##..#..y##.......#
#.....YF♣y5†###....y
#..#.....y##y?.#
.....
#.##..#...##....#
..#. ...
#..##...#...!.. #..
#. #... .....#.....
.. ..#...##....#.###.
##.... ##.... #.
#.... ##


You could see an ice beast, a bullfrog, 4 killer bees and a shadow imp.

Vanquished Creatures
  A steam dragon (D:7)
  3 water moccasins
  4 black bears
  2 ogres (D:5)
  A centaur (D:6)
  5 bullfrogs
  2 necrophages
  2 scorpions (D:5)
  4 wights (D:6)
  14 killer bees (D:7)
  2 howler monkeys (D:7)
  3 hounds
  An orc priest (D:4)
  A gnoll bouda (D:6)
  2 iguanas (D:4)
  2 orc wizards (D:4)
  19 adders
  6 gnolls
  7 river rats
  2 shadow imps
  5 worms
  A dart slug (D:5)
  9 orcs
  6 endoplasms
  5 giant cockroaches
  8 goblins
  8 hobgoblins
  5 kobolds
  6 quokkas
  20 ball pythons
  5 bats
  7 frilled lizards
  26 rats
194 creatures vanquished.

Vanquished Creatures (others)
  4 plants
  A withered plant (D:7)
5 creatures vanquished.

Grand Total: 199 creatures vanquished

Notes
Turn   | Place    | Note
-------+----------+-------------------------------------------
     0 | D:1      | themarg the Draconian Conjurer began the quest for the Orb.
     0 | D:1      | Reached XP level 1. HP: 14/14 MP: 3/3
   479 | D:1      | Reached XP level 2. HP: 20/20 MP: 3/5
   773 | D:1      | Learned a level 2 spell: Searing Ray
  1427 | D:2      | Reached XP level 3. HP: 26/26 MP: 0/6
  1929 | D:2      | Found a faded altar of an unknown god.
  2255 | D:2      | Reached XP level 4. HP: 33/33 MP: 5/8
  2817 | D:3      | Noticed Sigmund
  2873 | D:3      | Noticed a water moccasin
  2888 | D:3      | Killed a water moccasin
  2889 | D:3      | Reached skill level 5 in Conjurations
  2889 | D:3      | Reached XP level 5. HP: 10/38 MP: 6/10
  3687 | D:4      | Found a runed translucent gate.
  3691 | D:4      | Found a runed translucent gate.
  3691 | D:4      | Found a runed translucent gate.
  3830 | D:4      | Noticed NinjaNoafa's ghost (amateur MfGl)
  3981 | D:4      | Found a glowing drain.
  3987 | Sewer    | Entered a sewer
  4288 | Sewer    | Reached XP level 6. HP: 32/45 MP: 4/11
  4846 | Sewer    | Reached skill level 6 in Conjurations
  5020 | Sewer    | Your scales start taking on a glossy black colour.
  5020 | Sewer    | Reached XP level 7. HP: 47/50 MP: 5/14
  5020 | Sewer    | Gained mutation: You are resistant to electric shocks.
                  | (rElec) [Black Draconian growth]
  5558 | D:4      | Reached skill level 5 in Spellcasting
  5821 | D:4      | Found a staircase to the Ecumenical Temple.
  5830 | Temple   | Entered the Ecumenical Temple
  6249 | D:4      | Reached skill level 1 in Translocations
  6384 | D:5      | Entered Level 5 of the Dungeon
  6396 | D:5      | Reached skill level 1 in Hexes
  6525 | D:5      | Reached skill level 7 in Conjurations
  6809 | D:5      | Found a shimmering altar of Xom.
  6809 | D:5      | Found a shimmering blue altar of Sif Muna.
  6815 | D:5      | Found a stormy altar of Qazlal.
  6819 | D:5      | Found a bloodstained altar of Trog.
  6823 | D:5      | Found a white marble altar of Elyvilon.
  6832 | D:5      | Became a worshipper of Sif Muna the Loreminder
  6849 | D:5      | Reached XP level 8. HP: 57/57 MP: 11/15
  6928 | D:5      | Reached skill level 8 in Conjurations
  7489 | D:4      | Reached skill level 9 in Conjurations
  7637 | D:6      | Learned a level 4 spell: Fulminant Prism
  7642 | D:6      | Learned a level 4 spell: Iskenderun's Mystic Blast
  8075 | D:6      | Reached skill level 10 in Conjurations
  8078 | D:6      | Reached skill level 1 in Fighting
  8326 | D:6      | Reached XP level 9. HP: 68/68 MP: 8/16
  8400 | D:6      | Reached * piety under Sif Muna
  8854 | D:6      | Found a radiant altar of Vehumet.
  8863 | D:6      | Found an iron altar of Okawaru.
  9383 | D:7      | Reached skill level 5 in Fighting
  9448 | D:7      | Reached skill level 5 in Dodging
  9548 | D:7      | Reached skill level 1 in Invocations
  9564 | D:7      | HP: 4/111 [killer bee (4)]
  9565 | D:7      | Slain by a killer bee

Illustrated notes

Levels and vault maps discovered:
D:1:      lemuel_arrival_tunnels, layout_basic
D:2:      layout_basic, shapermc_ecumenical_altar_hornbeckon, corexii_shack
D:3:      layout_basic, minmay_between, uniq_sigmund
D:4:      black_bear_nest_1, layout_basic, minmay_temple_entry_overgrown,
          gammafunk_ghost_split, gup_sewer_entry_bubbles, minmay_misc_feat_iff
D:5:      layout_basic, minitemple
D:6:      layout_loops_ring, mainiacjoe_overflow_swirl
D:7:      hellmonk_ruined_rings, layout_loops_ring, kiku_gazebo_garden_becter
Temple:   compressed_dpeg_triangle_lava_temple

Skill      XL: |  1  2  3  4  5  6  7  8  9 |
---------------+----------------------------+-----
Stealth        | 2 3 |  3.0
Spellcasting   | 3 4 5 |  5.0
Conjurations   | 5 6 7 10 | 10.1
Translocations | 2 |  2.5
Hexes          | 2 |  2.4
Fighting       | 2 5 |  5.0
Dodging        | 2 5 |  5.0
Invocations    | 1 |  1.4
Short Blades   | |  0.2

Action                   |  1- 3 |  4- 6 |  7- 9 || total
-------------------------+-------+-------+-------++-------
Melee: Unarmed           |    18 |       |       ||    18
       Tailslap          |     3 |     3 |     8 ||    14
       Punch             |     1 |       |       ||     1
       Short sword       |     4 |    21 |    22 ||    47
       Hand axe          |       |       |    26 ||    26
 Cast: Magic Dart        |    47 |    78 |    71 ||   196
       Searing Ray       |     8 |    26 |    56 ||    90
       Iskenderun's Myst |       |       |    11 ||    11
 Abil: Breathe Lightning |       |       |     2 ||     2
  Use: Potion            |       |     5 |     3 ||     8
       Scroll            |       |     3 |     5 ||     8
Armor: Skin              |    12 |    24 |    81 ||   117
Dodge: Dodged            |    20 |    43 |    91 ||   154

Table legend: (Time is in decaauts)
 A = Elapsed time spent in this place.
 B = Non-inter-level travel time spent in this place.
 C = Inter-level travel time spent in this place.
 D = Time resting spent in this place.
 E = Time spent auto-exploring this place.
 F = Levels seen in this place.
 G = Mean time per level.
                   A        B        C        D        E       F      G
               +--------+--------+--------+--------+--------+-----+--------+
         Total |   9690 |   9393 |    297 |   2500 |   5623 |   9 | 1076.7 |
       Dungeon |   8217 |   7932 |    285 |   1853 |   5021 |   7 | 1173.9 |
        Temple |    245 |    233 |     12 |      0 |    223 |   1 |  245.0 |
         Sewer |   1226 |   1226 |      0 |    647 |    379 |   1 | 1226.0 |
               +--------+--------+--------+--------+--------+-----+--------+

Top non-repeatable levels by time:
     D:4: 1594 daAuts
     D:6: 1441 daAuts
     D:2: 1316 daAuts
   Sewer: 1226 daAuts
     D:3: 1170 daAuts
     D:1: 1121 daAuts
     D:5: 1090 daAuts
     D:7: 481 daAuts
  Temple: 245 daAuts
